Map: Thunderbird LE

Players

CrAsH - Winner!

  • Race: Terran Terran
  • League: Diamond
  • Spawn Location: 11:00

PeLLy

  • Race: Zerg Zerg
  • League: Diamond
  • Spawn Location: 5:00

VOD

Have the link to the VOD?

Description

Time

  • Played on: July 30, 2019, 5:13 p.m.
  • Length: 14:56
Show
View Real Time Build Order
Export as new Build Order

CrAsH Terran - Winner!

Build Orders:  

Get SALT Encoding   

  12  0:01  SCV  
  13  0:13  SCV  
  14  0:20  Supply Depot  
  14  0:25  SCV  
  15  0:42  SCV  
  16  0:43  Barracks  
  16  0:45  Refinery  
  16  0:54  SCV  
  17  1:06  SCV  
  18  1:18  SCV  
  19  1:30  SCV, Reaper  
  21  1:37  Command Center  
  21  1:47  Orbital Command  
  21  2:00  Supply Depot  
  21  2:09  Marine  
  21  2:15  Refinery  
  22  2:25  Factory  
  22  2:33  Barracks Reactor  
  22  2:35  Bunker  
  22  2:49  SCV  
  23  2:59  Orbital Command  
  23  3:01  SCV  
  24  3:13  SCV  
  24  3:18  Starport  
  24  3:19  Hellion  
  27  3:24  Barracks Tech Lab  
  27  3:25  SCV, Hellion  
  30  3:29  SCV  
  31  3:37  SCV, Engineering Bay  
  31  3:41  SCV  
  33  3:50  SCV  
  33  3:52  Hellion x2  
  33  3:53  SCV  
  39  4:00  Viking  
  39  4:02  SCV  
  42  4:06  Fusion Core  
  42  4:11  Refinery  
  42  4:13  SCV, Hellion, Refinery  
  42  4:14  SCV  
  46  4:53  SCV x2, Hellion  
  48  5:00  Barracks Reactor  
  48  5:05  SCV x2  
  50  5:16  Supply Depot, Battlecruiser  
  50  5:18  SCV x2  
  50  5:25  Supply Depot  
  50  5:26  Weapon Refit  
  50  5:28  Terran Infantry Weapons Level 1  
  50  5:30  SCV x2  
  50  5:32  Engineering Bay  
  52  5:36  Command Center  
  52  5:42  SCV  
  53  5:45  Barracks  
  53  5:47  Factory Tech Lab  
  53  5:53  Barracks  
  53  5:58  SCV  
  53  5:59  SCV  
  55  6:06  Terran Infantry Armor Level 1  
  55  6:20  Battlecruiser  
  61  6:49  Barracks Tech Lab  
  61  7:11  Refinery  
  61  7:16  SCV x2  
  61  7:19  Orbital Command  
  63  7:23  Supply Depot  
  63  7:25  Supply Depot  
  63  7:26  Supply Depot  
  63  7:28  SCV  
  64  7:32  Battlecruiser  
  64  7:35  Marine x2, Stimpack  
  64  7:36  Marine  
  72  7:37  Marine  
  72  7:41  Siege Tank  
  72  7:42  Barracks  
  77  7:47  Barracks  
  77  7:50  Armory  
  77  7:52  Supply Depot  
  77  7:53  Marine x2  
  77  7:54  Marine x2  
  77  7:56  Supply Depot  
  81  7:58  Supply Depot  
  81  8:07  Supply Depot  
  81  8:10  Supply Depot  
  81  8:11  Marine x2  
  81  8:12  Marine x2  
  84  8:13  Supply Depot, Siege Tank  
  84  8:17  Supply Depot, SCV x2  
  90  8:21  SCV  
  90  8:25  Refinery  
  91  8:28  Marine x2  
  91  8:29  SCV x2, Marine  
  91  8:30  Marine x2  
  91  8:33  SCV  
  99  8:39  Supply Depot  
  99  8:40  Supply Depot  
  99  8:41  SCV  
  99  8:42  SCV  
  99  8:45  Siege Tank  
  99  8:46  SCV, Marine  
  106  8:56  Command Center  
  112  9:24  Battlecruiser  
  112  9:27  Marine, Marauder  
  112  9:28  Marine x2  
  117  9:49  Marauder  
  119  10:06  Terran Infantry Weapons Level 2  
  119  10:07  Terran Infantry Armor Level 2  
  119  10:10  Marauder, Terran Ship Weapons Level 1  
  121  10:23  Marine x4  
  121  10:26  Siege Tank  
  128  10:30  Barracks Tech Lab  
  128  10:31  Marauder, Barracks Reactor  
  128  10:32  Combat Shield  
  130  10:40  Marine  
  130  10:41  Marine x3  
  134  10:45  Starport  
  134  10:53  Marauder  
  136  10:58  Marine x2, Siege Tank  
  136  10:59  Marine x2  
  143  11:14  Marauder  
  143  11:16  Marine x3  
  143  11:17  Marauder, Marine x3  
  153  11:22  Starport Reactor  
  153  11:23  Concussive Shells  
  153  11:30  Siege Tank  
  156  11:33  SCV x3  
  156  11:34  Marine x4  
  156  11:35  Marine x2  
  156  11:36  Supply Depot, Marauder  
  156  11:38  Marauder  
  169  11:42  Armory  
  169  11:43  Planetary Fortress  
  169  11:45  SCV  
  170  11:52  Marine x4  
  170  11:53  Refinery  
  174  11:57  Marauder  
  174  11:59  Marine x2  
  174  12:00  Medivac x2, Marauder  
  184  12:02  Medivac  
  184  12:04  Terran Vehicle And Ship Armor Level 1  
  186  12:09  Marine  
  186  12:12  Missile Turret  
  187  12:15  Missile Turret  
  187  12:17  Refinery  
  187  12:18  Marauder  
  187  12:21  Marauder  
  191  12:30  Medivac x2  
  191  12:31  Terran Vehicle Weapons Level 1  
  191  12:32  Medivac  
  197  12:40  Marauder  
  184  14:27  Marine  
  184  14:28  Marine x3  
  173  14:33  Marine  
  173  14:34  Marine x3  
Show
View Real Time Build Order
Export as new Build Order

PeLLy Zerg 

Build Orders: Hatch First, Roach Hydra 

Get SALT Encoding   

  12  0:00  Drone  
  13  0:16  Overlord  
  13  0:25  Drone  
  14  0:38  Drone x3  
  17  0:56  Drone  
  18  1:00  Hatchery  
  17  1:12  Drone x2  
  17  1:15  Extractor  
  18  1:19  Spawning Pool  
  18  1:24  Drone  
  18  1:40  Drone  
  18  1:44  Overlord  
  19  1:55  Drone  
  20  2:05  Drone  
  21  2:11  Queen x2  
  21  2:13  Zergling x2  
  26  2:17  Zergling x2  
  27  2:24  Metabolic Boost  
  27  2:26  Drone  
  27  2:27  Drone  
  28  3:02  Drone x6  
  34  3:14  Lair, Hatchery  
  34  3:16  Overlord  
  33  3:23  Overlord  
  33  3:26  Drone x2  
  35  3:34  Queen  
  37  4:05  Drone x9  
  46  4:10  Queen, Extractor  
  46  4:12  Extractor  
  46  4:14  Spore Crawler  
  45  4:22  Evolution Chamber  
  44  4:25  Evolution Chamber  
  44  4:27  Spore Crawler  
  41  4:41  Zergling x12  
  47  4:52  Roach Warren  
  46  5:03  Drone  
  46  5:04  Drone x3  
  46  5:05  Overlord x2  
  50  5:22  Zerg Missile Weapons Level 1  
  50  5:23  Zerg Melee Weapons Level 1  
  50  5:27  Drone x2  
  52  5:28  Drone  
  52  5:29  Drone x2  
  52  5:31  Drone  
  56  5:37  Queen  
  56  5:38  Queen  
  60  5:51  Spine Crawler  
  60  5:55  Drone  
  60  5:57  Drone x6  
  61  5:59  Overlord x3  
  61  6:03  Glial Reconstitution  
  66  6:13  Pneumatized Carapace  
  66  6:16  Baneling Nest  
  63  6:34  Spore Crawler  
  60  6:42  Roach x11  
  82  6:55  Spore Crawler  
  82  6:59  Spore Crawler  
  78  7:18  Hydralisk Den  
  77  7:25  Spore Crawler, Overlord  
  77  7:27  Overlord x2  
  77  7:28  Roach x3  
  82  7:31  Overlord x3  
  82  7:36  Extractor  
  81  7:38  Drone  
  81  7:39  Extractor  
  81  7:42  Zerg Missile Weapons Level 2  
  81  7:44  Zerg Melee Weapons Level 2  
  81  7:47  Spine Crawler  
  80  7:51  Spire  
  79  8:03  Nydus Network  
  78  8:08  Grooved Spines  
  78  8:09  Hydralisk, Spore Crawler  
  79  8:14  Drone x3  
  79  8:15  Drone x4  
  79  8:16  Drone  
  79  8:17  Drone x7  
  94  8:43  Overseer x2  
  94  8:44  Overseer  
  94  8:53  Hydralisk x6  
  106  9:05  Hydralisk x3  
  106  9:09  Drone x4  
  117  9:10  Drone  
  117  9:19  Muscular Augments  
  112  9:42  Nydus Canal  
  107  9:58  Queen x3  
  109  10:01  Hydralisk x2  
  109  10:04  Overlord x3  
  113  10:17  Spore Crawler  
  113  10:18  Spore Crawler  
  111  10:23  Spore Crawler  
  111  10:25  Spore Crawler  
  109  10:31  Hydralisk x3  
  109  10:32  Hydralisk x11  
  137  10:40  Infestation Pit, Hatchery  
  135  10:55  Ravager  
  135  10:56  Drone x2  
  138  11:17  Overlord x5  
  138  11:24  Hive  
  138  11:29  Spore Crawler  
  138  11:30  Spore Crawler  
  136  11:33  Spore Crawler x2  
  134  11:45  Queen x2  
  138  11:48  Drone x9  
  138  11:49  Drone x8  
  155  11:57  Hydralisk  
  155  11:58  Hydralisk x9  
  175  12:05  Pathogen Glands  
  175  12:10  Overlord  
  175  12:11  Overlord x2  
  175  12:21  Extractor  
  175  12:22  Extractor  
  173  12:28  Zerg Flyer Armor Level 1  
  173  12:33  Spire  
  172  12:47  Adrenal Glands  
  172  13:00  Viper x4  
  184  13:10  Viper  
  187  13:15  Zergling x10  
  192  13:29  Overlord x4  
  192  13:30  Overlord  
  122  14:33  Roach  
  122  14:34  Roach x12  
Tags
 
Add a new tag
Caveats
  • Supply blocks, unpowered buildings, or Contaminate may cause inaccurate times.
  • Supply counts are checked every 10 seconds.